 Dungeon Crawl Stone Soup version 0.19.0 (webtiles) character file.

158 KarmaPolice the Vandal (level 5, -8/35 HPs)
             Began as a Halfling Hunter on Nov 1, 2016.
             Killed by divine providence
             ... invoked by an orc priest
              (15 damage)
             ... on level 3 of the Dungeon.
             The game lasted 00:04:29 (2555 turns).

KarmaPolice the Vandal (Halfling Hunter)            Turns: 2555, Time: 00:04:29

Health: -8/35      AC:  7    Str: 13    XL:     5   Next: 66%
Magic:  5/5        EV: 16    Int:  9    God:
Gold:   120        SH:  0    Dex: 16    Spells: 0 memorised, 4 levels left

rFire  . . .     SeeInvis .     a - +1 hunting sling
rCold  . . .     Gourm    .     c - +0 leather armour
rNeg   . . .     Faith    .     (shield restricted)
rPois  .         Spirit   .     h - +1 helmet
rElec  .         Reflect  .     (no cloak)
rCorr  .         Harm     .     v - +0 pair of gloves
MR     .....                    g - +0 pair of boots
Stlth  ++........               (no amulet)
                                (no ring)
                                (no ring)

@: no status effects
A: mutation resistance 1
a: no special abilities


You were on level 3 of the Dungeon.
You were not hungry.

You visited 1 branch of the dungeon, and saw 3 of its levels.

You collected 120 gold pieces.

Inventory:

Hand Weapons
 a - a +1 hunting sling (weapon)
 b - a +0 short sword
Missiles
 d - 8 sling bullets (quivered)
 j - 87 stones
Armour
 c - a +0 leather armour (worn)
 g - a +0 pair of boots (worn)
 h - a +1 helmet (worn)
 v - a +0 pair of gloves (worn)
Jewellery
 u - an uncursed ring of flight {unknown}
 x - an uncursed ring of fire {unknown}
Scrolls
 e - a scroll of blinking {unknown}
 l - a scroll of remove curse {unknown}
 n - 2 scrolls of enchant weapon {unknown}
 o - 3 scrolls of magic mapping {unknown}
Potions
 k - 2 potions of flight {unknown}
 m - a potion of haste {unknown}
 p - a potion of brilliance
 q - a potion of magic {unknown}
 t - a potion of lignification {unknown}
Comestibles
 f - 2 bread rations
 i - a meat ration
 r - 2 beef jerkies
 w - a royal jelly


   Skills:
 + Level 2.7 Fighting
 + Level 2.0 Short Blades
 + Level 7.3 Slings
 + Level 3.5 Dodging
 - Level 1.1 Stealth


You had 4 spell levels left.
You didn't know any spells.

Dungeon Overview and Level Annotations

Branches:
Dungeon (3/15)

Altars:


Innate Abilities, Weirdness & Mutations

You are small and have problems with some larger weapons.
You are somewhat resistant to further mutation.


Message History

Press: ? - help, Shift-Dir - straight line, f - orc priest
Aim: an orc priest, wielding a whip and wearing a leather armour (severely wounded)
You shoot a sling bullet.
The sling bullet closely misses the orc priest.
The orc priest invokes the aid of Beogh against you.
Beogh smites you!
* * * LOW HITPOINT WARNING * * *
Firing (i - inventory. (,) - cycle):
d - 10 sling bullets (quivered)
Press: ? - help, Shift-Dir - straight line, f/p - orc priest
Aim: an orc priest, wielding a whip and wearing a leather armour (severely wounded)
You shoot a sling bullet.
The sling bullet barely misses the orc priest.
Firing (i - inventory. (,) - cycle):
d - 9 sling bullets (quivered)
Press: ? - help, Shift-Dir - straight line, f/p - orc priest
Aim: an orc priest, wielding a whip and wearing a leather armour (severely wounded)
You shoot a sling bullet.
The sling bullet closely misses the orc priest.
The orc priest calls down the wrath of Beogh upon you.
Beogh smites you!
You die...

...... #........# ##.......#
......##........#### #########
...................############
..?.o..#######.......).........
...!o..## ####.....)........
...((>..## #.........).....
......(..# #..........รท....
....>..(.#######...[...........
.......(.((((o@............)...
..........######...............
##.......## #...............
#.......# ##.............)
#.......# ##.....##...<..
......... ########[.....
.##...##. ###.####. #.## ####
#...# #. #....#####.### ##


You could see an orc priest.

Vanquished Creatures
  Crazy Yiuf (D:2)
  An orc wizard (D:3)
  4 adders
  An ooze (D:1)
  2 worms
  3 dart slugs
  6 orcs (D:3)
  6 bats
  A giant cockroach (D:2)
  3 goblins
  7 hobgoblins
  3 frilled lizards
  4 kobolds
  6 rats
48 creatures vanquished.

Notes
Turn   | Place    | Note
-------+----------+-------------------------------------------
     0 | D:1      | KarmaPolice the Halfling Hunter began the quest for the Orb.
     0 | D:1      | Reached XP level 1. HP: 14/14 MP: 1/1
   141 | D:1      | Reached XP level 2. HP: 6/19 MP: 2/2
   495 | D:1      | Reached skill level 6 in Slings
   539 | D:1      | Reached XP level 3. HP: 24/24 MP: 3/3
  1238 | D:2      | Found a runed door.
  1551 | D:2      | Reached skill level 1 in Short Blades
  1551 | D:2      | Reached XP level 4. HP: 25/30 MP: 4/4
  2011 | D:2      | Noticed Crazy Yiuf
  2017 | D:2      | Killed Crazy Yiuf
  2218 | D:3      | Reached XP level 5. HP: 35/35 MP: 5/5
  2219 | D:3      | Reached skill level 7 in Slings
  2555 | D:3      | Killed from afar by an orc priest

Skill      XL: |  1  2  3  4  5 |
---------------+----------------+-----
Fighting       | 2 |  2.7
Slings         | 6 7 |  7.3
Dodging        | 3 |  3.5
Short Blades   | 1 2 |  2.0
Stealth        | |  1.1

Action                   |  1- 3 |  4- 6 || total
-------------------------+-------+-------++-------
Melee: Short sword       |    81 |    14 ||    95
 Fire: Hunting sling     |    27 |    76 ||   103
  Use: Potion            |       |     2 ||     2
 Stab: Sleeping          |     2 |       ||     2
  Eat: Chunk             |     2 |     3 ||     5
Armor: Leather armour    |    34 |    11 ||    45
Dodge: Dodged            |    86 |    24 ||   110
